 Dungeon Crawl Stone Soup version 0.21.1-1-g345015fe64 (webtiles) character file.

179209 Kejsarherre the Peltast (level 17, -12/176 HPs)
             Began as a Minotaur Fighter on May 1, 2018.
             Was the Champion of Ru.
             Killed from afar by a merfolk aquamancer (38 damage)
             ... with a ball of steam
             ... on level 1 of the Shoals.
             The game lasted 02:03:20 (29980 turns).

Kejsarherre the Peltast (Minotaur Fighter)         Turns: 29980, Time: 02:03:24

Health: -12/176    AC: 22    Str: 23    XL:     17   Next: 29%
Magic:  20/22      EV: 16    Int:  8    God:    Ru [******]
Gold:   1747       SH: 23    Dex:  9    Spells: 18/19 levels left

rFire    . . .     SeeInvis .   a - +6 double sword (flame)
rCold    + + +     Gourm    .   D - +2 large shield {reflect}
rNeg     . . .     Faith    .   n - +2 ice dragon scales
rPois    .         Spirit   .   Q - +2 hat
rElec    .         Reflect  +   I - +0 cloak {+Inv}
rCorr    .         Harm     .   R - +2 pair of gloves {Str+3}
MR       +....                  O - +2 pair of boots of Omission {rF+}
Stlth    ..........             A - amulet of magic regeneration
HPRegen  0.39/turn              d - ring of protection from cold
MPRegen  0.43/turn              Z - +4 ring of evasion

@: exhausted, no scrolls, drained
A: retaliatory headbutt, hooves 1, horns 2, blink, clumsy 1, dopey 1, robust 1,
weak 1, no potion heal 1, inability to read while threatened, no stealth, hated
by all, reduced AC 1
}: 1/15 runes: gossamer
a: Blink, Draw Out Power, Power Leap, Apocalypse, Renounce Religion, Evoke
Invisibility


You were on level 1 of the Shoals.
You worshipped Ru.
Ru was exalted by your worship.
You were not hungry.

You visited 6 branches of the dungeon, and saw 29 of its levels.
You visited the Abyss 1 time.
You visited 1 bazaar.
You also visited: Bailey and Ice Cave.

You collected 3553 gold pieces.
You spent 1806 gold pieces at shops.

Inventory:

Hand Weapons
 a - a +6 double sword of flaming (weapon)
Armour
 n - +2 ice dragon scales (worn)
 z - a +2 pair of boots of running
 D - a +2 large shield of reflection (worn)
 I - a +0 cloak of invisibility (worn)
 O - the +2 pair of boots of Omission (worn) {rF+}
   (You found it in an ice cave)

   It protects you from fire.
 Q - a +2 hat (worn)
 R - a +2 pair of gloves of strength (worn)
Jewellery
 d - a ring of protection from cold (left hand)
 e - an uncursed ring of protection from cold
 m - an uncursed ring of see invisible
 q - an uncursed ring of poison resistance
 A - an amulet of magic regeneration (around neck)
 G - an uncursed ring of positive energy
 T - a +2 ring of strength
 V - an uncursed amulet of harm
 Z - a +4 ring of evasion (right hand)
Wands
 s - a wand of acid (27)
 B - a wand of iceblast (17)
 P - a wand of clouds (1)
 X - a wand of disintegration (15)
Scrolls
 g - 14 scrolls of remove curse
 h - a scroll of silence
 k - 3 scrolls of fog
 l - 9 scrolls of amnesia
 o - 12 scrolls of teleportation
 y - 6 scrolls of blinking
 C - a scroll of fear
 F - 4 scrolls of identify
 H - 5 scrolls of magic mapping
 J - 2 scrolls of brand weapon
 N - 3 scrolls of vulnerability
 U - a scroll of holy word
Potions
 i - 2 potions of magic
 j - 2 potions of ambrosia
 p - a potion of invisibility
 r - 3 potions of curing
 u - 3 potions of cancellation
 v - 6 potions of agility
 w - 7 potions of flight
 x - a potion of berserk rage
 K - a potion of brilliance
 L - 8 potions of heal wounds
 M - 4 potions of resistance
 W - 3 potions of haste
Miscellaneous
 b - a fan of gales
Comestibles
 f - 45 rations


   Skills:
 - Level 16.7(15.1) Fighting
 - Level 16.5(14.9) Long Blades
 - Level 14.4(12.9) Armour
 - Level 10.7(9.3) Dodging
 - Level 19.0(17.4) Shields
 - Level 1.5(0.4) Spellcasting
 + Level 8.8(7.5) Evocations


You had 18 spell levels left.
You knew the following spells:

 Your Spells              Type           Power        Failure   Level  Hunger
a - Apportation           Tloc           #.....       95%         1    ##.....


Dungeon Overview and Level Annotations

Branches:
Dungeon (15/15)            Temple (1/1) D:5            Lair (6/6) D:8
 Shoals (1/4) Lair:3       Spider (4/4) Lair:4        Slime (0/5) Lair:6
    Orc (2/2) D:11            Elf (0/3) Orc:2        Vaults (0/5) D:14
 Depths (0/5) D:15

Altars:
Ashenzari
Cheibriados
Dithmenos
Elyvilon
Fedhas
Gozag
Hepliaklqana
Kikubaaqudgha
Makhleb
Nemelex Xobeh
Ru
Sif Muna
Trog
Uskayaw
Vehumet
Wu Jian
Xom
Yredelemnul
Zin
Jiyva

Shops:
D:7 ?   Orc:2 }[%[

Portals:
Trove: D:12 (give 4 potions of resistance)


Innate Abilities, Weirdness & Mutations

You reflexively headbutt those who attack you in melee.
You have a pair of horns on your head.
You are dopey. (Int -2)
You are weak. (Str -2)
Potions are less effective at restoring your health.
You cannot read scrolls while threatened.
You cannot be stealthy.
You are hated by all.
You take slightly more damage. (AC -5)
You have large cloven feet.
You can translocate small distances at will.
You are clumsy. (Dex -2)
You are robust. (+10% HP)


Message History

You hear a shout!
A merfolk impaler comes into view.
It is wielding a demon trident of flaming.
A merfolk aquamancer comes into view. It is wielding a rapier.
The merfolk aquamancer shouts!
You see here a hippogriff corpse.
The merfolk aquamancer gestures at you while chanting.
The ball of steam hits the plant.
The ball of steam misses you.
You are engulfed in a cloud of scalding steam.
The plant is engulfed in a cloud of scalding steam.
You redirect the merfolk aquamancer's attack!
The merfolk aquamancer is engulfed in a cloud of scalding steam.
The merfolk aquamancer begins to cast a spell, but is stunned by your will!
A sea snake comes into view.
You are engulfed in a cloud of scalding steam.
The sea snake hisses angrily.
The plant is engulfed in a cloud of scalding steam.
The merfolk aquamancer is engulfed in a cloud of scalding steam.
The merfolk aquamancer gestures at you while chanting.
The ball of steam hits you!
You die...

..P..≈≈≈≈≈≈≈≈......≈≈.#
P≈...≈≈≈≈..≈......P.≈.##
P..≈≈≈...≈≈...........S
. #.≈≈≈.................
..##...# #.......m....P.
..†:...###....P.§§....P.
.#......##....§§P§P≈..P.
.#.........†.§.†§.P...P.
#...........m†§§@.....PS
##......≈..P≈§§§≈≈P...P.
#......≈≈≈≈≈≈≈§≈≈≈.....
..###.≈≈≈≈≈P≈≈≈≈≈≈≈.....
.. #.≈≈≈≈≈≈≈≈≈≈≈≈≈≈..##
.. ...≈≈≈≈≈≈≈≈≈.≈≈≈≈..#
...≈≈≈≈≈≈≈≈≈..≈≈≈≈..#
...≈≈≈≈≈≈≈≈≈≈≈≈≈≈.≈.#


You could see 2 sea snakes.

Vanquished Creatures
  Arachne (Spider:4)
  An Ice Fiend (IceCv)
  Asterion (Spider:2)
  Aizul (Shoals:1)
  A ghost moth (Spider:4)
  The ghost of Name63 the Corrupter of Planes, a journeyman FoAK of Lugonu (Orc:1)
  7 emperor scorpions
  A spark wasp (Spider:1)
  4 entropy weavers
  Azrael (D:12)
  Josephine (D:14)
  The ghost of Moto the Severer, a journeyman MiBe of Trog (Lair:1)
  A fire dragon (Lair:6)
  Fannar (Lair:3)
  6 hydras
  2 catoblepae
  7 two-headed ogres
  2 dancing weapons (D:14)
  3 centaur warriors
  The ghost of Kejsarherre the Slinger, a journeyman HaHu of Okawaru (D:11)
  5 orc high priests (Orc:2)
  A tengu warrior (D:12)
  An ogre mage (D:15)
  A queen ant (Spider:1)
  15 death yaks
  Sonja (D:10)
  6 unseen horrors
  A wizard (D:15)
  13 orb spiders
  19 wolf spiders
  A deep elf mage (D:15)
  5 orc knights
  An oklob plant (Lair:2)
  2 orc sorcerers
  15 ugly things
  3 manticores
  2 cyclopes
  3 moths of wrath
  Maurice (Orc:1)
  6 elephants (Lair:3)
  3 black mambas
  A merfolk siren (Lair:3)
  A naga mage (D:15)
  5 gargoyles
  11 spiny frogs
  5 komodo dragons
  5 freezing wraiths (IceCv)
  4 rime drakes
  6 anaconda simulacra (IceCv)
  A kobold demonologist (D:14)
  10 demonic crawlers
  2 golden dragon simulacra (IceCv)
  An efreet (D:12)
  A guardian mummy (D:12)
  5 ice devils (IceCv)
  28 jumping spiders
  10 polar bears
  11 trolls
  A hornet (D:13)
  A raiju (Lair:6)
  A snapping turtle (Shoals:1)
  22 blink frogs
  6 hippogriffs
  A shadow (D:11)
  2 vampires
  15 tarantellas
  6 wraiths
  58 redbacks
  2 wyverns
  A basilisk (D:12)
  3 fire elementals (D:12)
  A water elemental (Lair:3)
  3 death yak simulacra (IceCv)
  53 yaks
  2 hungry ghosts
  A steam dragon (Lair:6)
  A harpy simulacrum (IceCv)
  4 vampire mosquitoes (D:15)
  9 wargs
  17 soldier ants (Spider:1)
  2 iron troll simulacra (IceCv)
  2 acid dragons
  18 hell hounds
  9 water moccasins
  3 hydra simulacra (IceCv)
  11 porcupines
  3 swamp drakes (Lair:6)
  9 ice beasts
  7 sky beasts
  An ettin simulacrum (IceCv)
  A hornet zombie (D:6)
  31 orc warriors
  A necrophage (D:10)
  13 black bears
  16 ogres
  3 phantoms
  3 boggarts (D:15)
  8 centaurs
  28 wolves
  22 crocodiles
  2 big kobolds
  10 bullfrogs
  6 scorpions
  14 killer bees
  14 wights
  4 electric eels
  3 lava snakes
  8 crimson imps
  A bullfrog zombie (D:6)
  2 quasits
  5 centaur zombies
  2 draconian simulacra (IceCv)
  34 orc priests
  A gnoll shaman (D:8)
  3 hounds
  9 jellies
  20 orc wizards
  4 bullfrog skeletons
  3 centaur skeletons
  7 iguanas
  21 worker ants
  A spriggan simulacrum (IceCv)
  A wolf simulacrum (IceCv)
  2 killer bee zombies
  2 centaur simulacra (IceCv)
  A spectral hound (D:9)
  A hound zombie (D:9)
  3 hound skeletons
  A howler monkey skeleton (D:9)
  2 worker ant zombies
  10 gnolls
  15 adders
  A naga simulacrum (IceCv)
  An ogre simulacrum (IceCv)
  3 shadow imps
  6 white imps (IceCv)
  7 ufetubi (IceCv)
  An ooze (D:1)
  2 adder zombies
  2 adder skeletons
  5 worms
  2 dart slugs (D:1)
  3 leopard geckos
  68 orcs
  A ball python (D:3)
  3 giant cockroaches
  15 goblins
  7 hobgoblins
  15 jackals
  11 kobolds
  5 quokkas
  7 bats
  4 frilled lizards
  A giant cockroach zombie (D:4)
  A jackal skeleton (D:9)
  A quokka zombie (D:7)
  6 rats
  16 plants
1063 creatures vanquished.

Vanquished Creatures (collateral kills)
  A centaur warrior (D:10)
  A hungry ghost (D:10)
  2 jackals (D:10)
4 creatures vanquished.

Vanquished Creatures (others)
  A deep troll (shapeshifter) (D:14)
  A swamp dragon (Lair:6)
  A black mamba (Lair:6)
  2 centaur skeletons
  4 jumping spiders
  4 redbacks
  2 bullfrogs
  2 orc wizards
  A white imp (IceCv)
  An orc (D:5)
  27 fungi
  25 plants
71 creatures vanquished.

Grand Total: 1138 creatures vanquished

Notes
Turn   | Place    | Note
-------+----------+-------------------------------------------
     0 | D:1      | Kejsarherre the Minotaur Fighter began the quest for the Orb.
     0 | D:1      | Reached XP level 1. HP: 19/19 MP: 0/0
   211 | D:1      | Reached XP level 2. HP: 27/27 MP: 1/1
   436 | D:1      | Reached XP level 3. HP: 30/33 MP: 2/2
   640 | D:2      | Found a faded altar of an unknown god.
   692 | D:3      | Reached XP level 4. HP: 22/41 MP: 3/3
   770 | D:3      | Reached skill level 5 in Long Blades
   892 | D:3      | Found an opulent altar of Gozag.
  1242 | D:4      | Reached XP level 5. HP: 26/47 MP: 4/4
  1254 | D:4      | Reached skill level 5 in Armour
  1551 | D:4      | Found a blossoming altar of Fedhas.
  1861 | D:4      | Reached XP level 6. HP: 51/53 MP: 5/5
  1890 | D:5      | Entered Level 5 of the Dungeon
  2163 | D:5      | Found a staircase to the Ecumenical Temple.
  2786 | Temple   | Entered the Ecumenical Temple
  2837 | Temple   | Became a worshipper of Ru the Awakened
  2895 | D:5      | Reached XP level 7. HP: 38/60 MP: 6/6
  3387 | D:5      | Found a basalt altar of Yredelemnul.
  3389 | D:5      | Found a shadowy altar of Dithmenos.
  3389 | D:5      | Found a shattered altar of Ashenzari.
  3951 | D:2      | Gained mutation: You take slightly more damage. (AC -5) [Ru sacrifice]
  3951 | D:2      | Reached * piety under Ru
  4964 | D:5      | Reached XP level 8. HP: 47/67 MP: 7/7
  5707 | D:6      | Reached skill level 10 in Long Blades
  5991 | D:7      | Reached XP level 9. HP: 60/72 MP: 8/8
  6214 | D:7      | Reached skill level 10 in Armour
  6312 | D:7      | Found Jetixucorch's Magic Scroll Boutique.
  6318 | D:7      | Bought a scroll of enchant armour for 105 gold pieces
  6478 | D:7      | Gained mutation: You cannot be stealthy. [Ru sacrifice]
  6478 | D:7      | Reached ** piety under Ru
  7014 | D:8      | Found a staircase to the Lair.
  7049 | D:8      | Reached skill level 5 in Fighting
  7154 | D:8      | Found a deep blue altar of Sif Muna.
  7280 | D:8      | Reached XP level 10. HP: 88/88 MP: 9/9
  7385 | D:8      | Found a flagged portal.
  7392 | Bailey   | Entered a bailey
  7398 | Bailey   | Gained mutation: You have large cloven feet. [potion of mutation]
  7398 | Bailey   | Gained mutation: You are robust. (+10% HP) [potion of mutation]
  7398 | Bailey   | Gained mutation: You can translocate small distances at will. [potion of mutation]
  7508 | Bailey   | Found a bloodstained altar of Trog.
  8394 | D:9      | Reached skill level 10 in Fighting
  8554 | D:9      | Gained mutation: Potions are less effective at restoring your health. [Ru sacrifice]
  8554 | D:9      | Reached *** piety under Ru
  8559 | D:9      | Noticed a two-headed ogre
  8568 | D:9      | Killed a two-headed ogre
  8785 | D:9      | Found a bloodstained altar of Trog.
  9403 | D:10     | Entered Level 10 of the Dungeon
  9403 | D:10     | Noticed a gargoyle
  9415 | D:10     | Noticed a two-headed ogre
  9430 | D:9      | Killed a two-headed ogre
  9430 | D:9      | Reached skill level 1 in Dodging
  9430 | D:9      | Reached skill level 4 in Shields
  9536 | D:10     | Killed a gargoyle
  9536 | D:10     | Reached skill level 5 in Shields
  9536 | D:10     | Reached XP level 11. HP: 113/115 MP: 10/10
  9538 | D:10     | Noticed Sonja
  9929 | D:10     | Cast into level 1 of the Abyss (Sonja)
  9940 | Abyss:1  | Noticed a starcursed mass
  9945 | D:10     | Escaped the Abyss
 10175 | D:10     | Noticed a centaur warrior
 10181 | D:10     | Killed a centaur warrior
 10181 | D:10     | Reached skill level 6 in Shields
 10397 | D:10     | Reached skill level 7 in Shields
 10432 | D:10     | Noticed a two-headed ogre
 10438 | D:10     | Killed a two-headed ogre
 10516 | D:10     | Killed Sonja
 10516 | D:10     | Reached skill level 8 in Shields
 10965 | D:10     | Gained mutation: You cannot read scrolls while threatened. [Ru sacrifice]
 10965 | D:10     | Reached **** piety under Ru
 10990 | D:11     | Noticed a cyan ugly thing
 11008 | D:11     | Killed a cyan ugly thing
 11009 | D:11     | Noticed Kejsarherre's ghost (journeyman HaHu)
 11151 | D:11     | Killed Kejsarherre's ghost
 11151 | D:11     | Reached skill level 9 in Shields
 11294 | D:11     | Noticed an unseen horror
 11301 | D:11     | Killed an unseen horror
 11462 | D:11     | Reached skill level 10 in Shields
 11912 | D:11     | Found a staircase to the Orcish Mines.
 12102 | D:12     | Found a flickering gateway to a bazaar.
 12113 | Bazaar   | Entered a bazaar
 12113 | Bazaar   | Found Genicy's Antique Weapon Shop.
 12113 | Bazaar   | Found Zoprec's Antique Weapon Emporium.
 12113 | Bazaar   | Found Plog's Magic Scroll Shop.
 12113 | Bazaar   | Found Uchudgh's Antique Weapon Shoppe.
 12115 | Bazaar   | Found Uliblo's Antique Armour Boutique.
 12115 | Bazaar   | Found Uproiw's Antique Weapon Shoppe.
 12125 | Bazaar   | Bought a scroll of magic mapping for 31 gold pieces
 12144 | Bazaar   | Bought a glowing hat for 91 gold pieces
 12144 | Bazaar   | Bought a pair of glowing gloves for 97 gold pieces
 12153 | Bazaar   | Bought a crude long sword for 238 gold pieces
 12154 | Bazaar   | Identified the cursed +2 long sword of Uskayaw's Generosity {slice, +Inv rN+ Int+2 Dex+3} (You bought it in a shop in a bazaar)
 12159 | Bazaar   | Bought a transparent long sword for 246 gold pieces
 12161 | Bazaar   | Identified the cursed +0 long sword "Wipeceil" {freeze, rElec rF+ rN+ Dex+3 Stlth-} (You bought it in a shop in a bazaar)
 12171 | Bazaar   | Bought a scroll of holy word for 67 gold pieces
 12549 | D:12     | Identified a scroll of acquirement
 12674 | D:12     | Reached XP level 12. HP: 124/124 MP: 3/11
 12805 | D:12     | Found a portal to a secret trove of treasure.
 12902 | D:12     | Reached skill level 11 in Shields
 12939 | D:12     | Noticed a tengu warrior
 12958 | D:12     | Killed a tengu warrior
 13378 | D:12     | Noticed Azrael
 13396 | D:12     | Killed Azrael
 13970 | D:13     | Noticed a two-headed ogre
 13978 | D:13     | Killed a two-headed ogre
 14039 | D:13     | Reached skill level 12 in Shields
 14215 | D:13     | Reached skill level 15 in Long Blades
 14632 | D:14     | Noticed a centaur warrior
 14653 | D:14     | Killed a centaur warrior
 14658 | D:14     | Gained mutation: You are weak. (Str -2) [Ru sacrifice]
 14658 | D:14     | Reached ***** piety under Ru
 14692 | D:14     | Reached skill level 13 in Shields
 14692 | D:14     | Reached XP level 13. HP: 100/130 MP: 4/12
 14917 | D:14     | Noticed Josephine
 14954 | D:14     | Killed Josephine
 15197 | D:14     | Found a gate to the Vaults.
 15647 | Lair:1   | Entered Level 1 of the Lair of Beasts
 15647 | Lair:1   | Noticed Moto's ghost (journeyman MiBe)
 15660 | Lair:1   | Killed Moto's ghost
 15837 | Lair:1   | Reached skill level 14 in Shields
 16225 | Lair:1   | Reached skill level 5 in Dodging
 16548 | Lair:2   | Gained mutation: You are hated by all. [Ru sacrifice]
 17307 | Lair:3   | Reached skill level 15 in Shields
 17609 | Lair:3   | Gained mutation: You are dopey. (Int -2) [Ru sacrifice]
 17609 | Lair:3   | Reached ****** piety under Ru
 17628 | Lair:3   | Noticed Fannar
 17644 | Lair:3   | Killed Fannar
 17644 | Lair:3   | Reached skill level 1 in Spellcasting
 17860 | Lair:3   | Reached XP level 14. HP: 139/139 MP: 5/15
 17968 | Lair:3   | Found a staircase to the Shoals.
 18846 | Lair:4   | Found a hole to the Spider Nest.
 19042 | Lair:4   | Reached skill level 16 in Shields
 20163 | Lair:6   | Entered Level 6 of the Lair of Beasts
 20233 | Lair:6   | Found a viscous altar of Jiyva.
 20233 | Lair:6   | Found a staircase to the Slime Pits.
 20582 | Lair:6   | Reached skill level 17 in Shields
 20886 | Lair:6   | Reached XP level 15. HP: 146/147 MP: 16/16
 22391 | D:15     | Entered Level 15 of the Dungeon
 22528 | D:15     | Reached skill level 18 in Shields
 22564 | D:15     | Reached skill level 10 in Dodging
 22717 | D:15     | Found a staircase to the Depths.
 23334 | Orc:1    | Entered Level 1 of the Orcish Mines
 23334 | Orc:1    | Noticed Name63's ghost (journeyman FoAK)
 23355 | Orc:1    | Killed Name63's ghost
 23594 | Orc:2    | Entered Level 2 of the Orcish Mines
 23959 | Orc:2    | Found a staircase to the Elven Halls.
 24277 | Orc:1    | Noticed Maurice
 24305 | Orc:1    | Killed Maurice
 24997 | Orc:2    | Gained mutation: You are clumsy. (Dex -2) [a neqoxec]
 25012 | Orc:2    | Reached skill level 19 in Shields
 25035 | Orc:2    | Found Jimiufol's Antique Armour Emporium.
 25035 | Orc:2    | Found Qiojun's Gadget Emporium.
 25036 | Orc:2    | Found Umyfor's Food Shoppe.
 25036 | Orc:2    | Found Ibraheg's Antique Armour Emporium.
 25050 | Orc:2    | Bought a glowing large shield for 285 gold pieces
 25050 | Orc:2    | Bought a runed cloak for 285 gold pieces
 25050 | Orc:2    | Bought a pair of distressingly furry boots for 361 gold pieces
 25260 | Spider:1 | Entered Level 1 of the Spider Nest
 25262 | Spider:1 | Found a frozen archway.
 25428 | IceCv    | Entered an ice cave
 25527 | IceCv    | Reached XP level 16. HP: 151/157 MP: 17/17
 25845 | IceCv    | Noticed an Ice Fiend
 25884 | IceCv    | Killed an Ice Fiend
 26272 | IceCv    | Got a pair of twisted boots
 26292 | IceCv    | Identified the +2 pair of boots "Tiwn" {rElec} (You bought it in a shop on level 2 of the Orcish Mines)
 26293 | IceCv    | Identified the +2 pair of boots of Omission {rF+} (You found it in an ice cave)
 26326 | IceCv    | Identified a +2 pair of boots of running (You found it in an ice cave)
 26718 | Spider:1 | Reached skill level 15 in Fighting
 27303 | Spider:2 | Noticed Asterion
 27318 | Spider:2 | Killed Asterion
 28044 | Spider:3 | Learned a level 1 spell: Apportation
 28082 | Spider:3 | Reached skill level 1 in Evocations
 28599 | Spider:4 | Entered Level 4 of the Spider Nest
 28690 | Spider:4 | Noticed Arachne
 28703 | Spider:4 | Reached skill level 5 in Evocations
 28718 | Spider:4 | Killed Arachne
 28826 | Spider:4 | Reached XP level 17. HP: 129/176 MP: 20/20
 29668 | Spider:4 | Got a gossamer rune of Zot
 29885 | Shoals:1 | Entered Level 1 of the Shoals
 29943 | Shoals:1 | Noticed Aizul
 29967 | Shoals:1 | Killed Aizul
 29980 | Shoals:1 | Killed from afar by a merfolk aquamancer

Skill      XL: |  1  2  3  4  5  6  7  8  9 10 11 12 13 14 15 16 17 |
---------------+----------------------------------------------------+-----
Fighting       | 4 7 12 13 16 | 16.7
Long Blades    | 3 4 5 8 10 12 13 15 16 | 16.5
Armour         | 4 6 7 8 9 10 11 13 14 | 14.4
Dodging        | 1 4 6 9 10 | 10.7
Shields        | 5 10 13 15 17 19 | 19.0
Spellcasting   | 1 |  1.5
Evocations     | 6 8 |  8.8

Action                   |  1- 3 |  4- 6 |  7- 9 | 10-12 | 13-15 | 16-18 || total
-------------------------+-------+-------+-------+-------+-------+-------++-------
Melee: Long sword        |    66 |   147 |   369 |       |       |       ||   582
       Headbutt          |     6 |    30 |    70 |   137 |   309 |   137 ||   689
       Scimitar          |       |       |    72 |   445 |     9 |       ||   526
       Double sword      |       |       |       |   250 |  1331 |   766 ||  2347
Throw: Tomahawk          |       |       |       |     8 |       |       ||     8
Invok: Sacrifice Health  |       |       |     1 |       |       |       ||     1
       Sacrifice Stealth |       |       |     1 |       |       |       ||     1
       Sacrifice Purity  |       |       |       |     2 |     1 |       ||     3
       Sacrifice Words   |       |       |       |     1 |       |       ||     1
       Sacrifice Love    |       |       |       |       |     1 |       ||     1
       Power Leap        |       |       |       |       |     3 |       ||     3
       Apocalypse        |       |       |       |       |     2 |     2 ||     4
       Draw Out Power    |       |       |       |       |     2 |     1 ||     3
Evoke: Wand              |       |     5 |     1 |     1 |     5 |     4 ||    16
       Sack of spiders   |       |       |       |     1 |       |       ||     1
  Use: Scroll            |       |       |    12 |    11 |    13 |     8 ||    44
       Potion            |       |       |     4 |     2 |     3 |     3 ||    12
 Stab: Betrayed ally     |       |     1 |       |       |       |       ||     1
       Distracted        |       |       |     1 |     2 |     6 |     5 ||    14
       Invisible         |       |       |       |     3 |     3 |     4 ||    10
       Paralysed         |       |       |       |       |     9 |     6 ||    15
       Petrified         |       |       |       |       |     2 |       ||     2
       Petrifying        |       |       |       |       |     1 |       ||     1
       Sleeping          |       |       |       |       |       |     1 ||     1
  Eat: Ration            |       |     2 |     1 |     3 |     4 |     4 ||    14
       Chunk             |       |     1 |    10 |    18 |    24 |     2 ||    55
Armor: Scale mail        |    36 |     5 |       |       |       |       ||    41
       Ice dragon scales |       |    68 |   181 |   199 |   190 |   182 ||   820
Dodge: Dodged            |    18 |    47 |   114 |   137 |   227 |   247 ||   790
Block: Shield            |    29 |    75 |   172 |   173 |       |       ||   449
       Large shield      |       |       |       |   256 |   936 |   795 ||  1987
       Reflection        |       |       |       |       |       |     1 ||     1
       Rpst.: Long sword |     5 |    15 |    29 |       |       |       ||    49
       Scimitar          |       |       |     7 |    20 |       |       ||    27
       Double sword      |       |       |       |     8 |    39 |    46 ||    93
